 Dungeon Crawl Stone Soup version 0.32-a0-131-g9dbbe29261 (webtiles) character file.

Game seed: 3865196476571115269

1258 Norock the Cudgeller (level 8, 0/78 HPs)
             Began as a Troll Fighter on Feb 8, 2024.
             Was an Initiate of Dithmenos.
             Slain by Prince Ribbit (16 damage)
             ... on level 7 of the Dungeon.
             The game lasted 00:27:24 (4743 turns).

Norock the Cudgeller (Troll Fighter)                Turns: 4743, Time: 00:27:24

Health: 0/78       AC:  4    Str: 27    XL:     8   Next: 27%
Magic:  7/7        EV: 14    Int:  4    God:    Dithmenos [......]
Gold:   332        SH:  8    Dex:  9    Spells: 7/7 levels left

rFire   . . .        m - +1 flail (protect)
rCold   . . .        b - +0 kite shield
rNeg    . . .        E - +0 robe
rPois   .            (helmet restricted)
rElec   .            (no cloak)
rCorr   .            (gloves unavailable)
SInv    .            (boots unavailable)
Will    .....        (no amulet)
Stlth   +            u - +5 ring of evasion
HPRegen 1.13/turn    (no ring)
MPRegen 0.10/turn

%: no passive effects
@: no status effects
A: large, unfitting armour, claws 3, regeneration 1, shaggy fur 1, tough skin 1
a: Renounce Religion


You were on level 7 of the Dungeon.
You worshipped Dithmenos.
Dithmenos was noncommittal.
You visited 1 branch of the dungeon, and saw 7 of its levels.

You collected 332 gold pieces.

Inventory:

Hand Weapons
 m - a +1 flail of protection (weapon)
 H - a +1 vampiric dagger
Missiles
 t - 16 poisoned darts (quivered)
Armour
 a - a +0 robe
 b - a +0 kite shield (worn)
 j - a +0 robe
 z - a +0 robe
 E - a +0 robe (worn)
 F - a +0 robe
Jewellery
 u - a +5 ring of evasion (left claw)
Talismans
 v - a dragon-blood talisman
 C - a flux talisman
Wands
 y - a wand of charming (5)
Scrolls
 e - 3 scrolls of revelation {unknown}
 i - 4 scrolls of enchant weapon {unknown}
 l - 8 scrolls of identify {unknown}
 n - a scroll of enchant armour {unknown}
 q - a scroll of fear {unknown}
 B - a scroll of poison {unknown}
 D - 2 scrolls of amnesia {unknown}
 G - a scroll of vulnerability {unknown}
Potions
 c - a potion of might
 d - a potion of magic {unknown}
 g - a potion of haste {unknown}
 h - a potion of invisibility {unknown}
 k - a potion of heal wounds {unknown}
 o - 2 potions of degeneration {unknown}
 p - 2 potions of enlightenment {unknown}
 r - a potion of berserk rage {unknown}
 s - 4 potions of curing {unknown}
 w - a potion of brilliance {unknown}
 x - 2 potions of cancellation {unknown}
 A - a potion of attraction {unknown}


   Skills:
 + Level 3.9 Fighting
 + Level 5.4 Maces & Flails
 + Level 1.0 Throwing
 + Level 4.4 Dodging
 + Level 1.3 Stealth
 + Level 4.2 Shields
 + Level 2.7 Unarmed Combat


You had 7 spell levels left.
You didn't know any spells.
Your spell library contained the following spells:

 Spells                   Type           Power      Damage    Failure   Level
 Apportation              Tloc           0%         N/A       73%         1
 Necrotise                Necr           0%         1d4       73%         1
 Sting                    Conj/Alch      0%         1d3       73%         1
 Summon Small Mammal      Summ           0%         N/A       73%         1
 Call Canine Familiar     Summ           0%         N/A       97%         3
 Sigil of Binding         Hex            0%         N/A       97%         3
 Dimensional Bullseye     Hex/Tloc       0%         N/A       100%        4


Dungeon Overview and Level Annotations

Branches:
Dungeon (7/15)
 Temple: D:4-7

Altars:
Cheibriados
Dithmenos
Yredelemnul

Annotations:
D:3 2 runed translucent doors, bakla's ghost, amateur HuEE
D:7 Prince Ribbit


Innate Abilities, Weirdness & Mutations

You are too large for most types of armour.
You have claws for hands.
Your natural rate of healing is unusually fast.
You are covered in fur. (AC +1)
You have tough skin. (AC +1)


Message History

Prince Ribbit barely misses you.
Hit: m) +1 flail (protect)
Press: ? - help, Dir - move target, f/p - Prince Ribbit
Aim: Prince Ribbit (severely wounded, about 69% to evade your +1 flail of protection)
You closely miss Prince Ribbit.
Prince Ribbit is severely wounded.
Prince Ribbit hits you!
Hit: m) +1 flail (protect)
Press: ? - help, Dir - move target, f/p - Prince Ribbit
Aim: Prince Ribbit (severely wounded, about 69% to evade your +1 flail of protection)
You barely miss Prince Ribbit.
Prince Ribbit is severely wounded.
Prince Ribbit misses you.
Prince Ribbit catches a moth with his tongue.
Prince Ribbit hits you!
* * * LOW HITPOINT WARNING * * *
Hit: m) +1 flail (protect)
Press: ? - help, Dir - move target, f/p - Prince Ribbit
Aim: Prince Ribbit (heavily wounded, about 69% to evade your +1 flail of protection)
You miss Prince Ribbit.
Prince Ribbit is heavily wounded.
Prince Ribbit blinks!
Prince Ribbit blinks!
Prince Ribbit blinks!
Prince Ribbit closely misses you.
There is a stone staircase leading down here.
Prince Ribbit lets out a mournful croak.
Prince Ribbit barely misses you.
You climb downwards.
You hear the roar of battle.
There is an entrance to a bailey on this level.
Hurry and find it before the portal closes forever!
Found a manual of Staves and a viscous clear potion.
There is a stone staircase leading up here.
You barely miss Prince Ribbit.
Prince Ribbit is heavily wounded.
Prince Ribbit hits you!!
* * * LOW HITPOINT WARNING * * *
You block Prince Ribbit's attack. Prince Ribbit hits you!
You die...

# #.### #.:@#
.......F.......
......!........
##.............
#............#
..............#
..............#
........#..#.##


You could see Prince Ribbit.

Vanquished Creatures
  Sigmund (D:6)
  Duvessa (D:4)
  A water moccasin (D:5)
  A centaur (D:6)
  2 phantoms (D:5)
  Dowan (D:4)
  A bombardier beetle (D:5)
  2 orc priests (D:6)
  3 jellies (D:5)
  2 hounds (D:5)
  A sleepcap (D:5)
  3 iguanas
  4 orc wizards
  3 gnolls (D:4)
  6 adders
  A shadow imp (D:6)
  A white imp (D:6)
  3 ribbon worms
  2 dart slugs
  12 orcs
  5 endoplasms
  3 giant cockroaches
  4 goblins
  4 hobgoblins
  2 jackals (D:2)
  2 quokkas (D:2)
  2 ball pythons
  5 bats
  5 frilled lizards
  9 kobolds
  7 rats
99 creatures vanquished.

Notes
Turn   | Place    | Note
-------+----------+-------------------------------------------
     0 | D:1      | Norock the Troll Fighter began the quest for the Orb.
     0 | D:1      | Reached XP level 1. HP: 22/22 MP: 0/0
   359 | D:1      | Reached XP level 2. HP: 29/29 MP: 1/1
  1079 | D:2      | Reached XP level 3. HP: 36/36 MP: 2/2
  1269 | D:2      | Reached XP level 4. HP: 44/44 MP: 3/3
  1537 | D:2      | Found a faded altar of an unknown god.
  1801 | D:3      | Found a large runed translucent door.
  1801 | D:3      | Found a large runed translucent door.
  1807 | D:3      | Noticed bakla's ghost (amateur HuEE)
  2186 | D:3      | Reached skill level 1 in Maces & Flails
  2879 | D:4      | Reached XP level 5. HP: 47/52 MP: 4/4
  2988 | D:4      | Noticed Duvessa
  2988 | D:4      | Noticed Dowan
  3009 | D:4      | Killed Duvessa
  3010 | D:4      | Reached skill level 2 in Maces & Flails
  3018 | D:4      | Killed Dowan
  3019 | D:4      | Reached XP level 6. HP: 61/61 MP: 5/5
  3113 | D:4      | Reached skill level 3 in Maces & Flails
  3343 | D:4      | Found a shadowy altar of Dithmenos.
  3477 | D:4      | Became a worshipper of Dithmenos the Shadowed
  3847 | D:5      | Entered Level 5 of the Dungeon
  3883 | D:5      | Reached XP level 7. HP: 67/67 MP: 6/6
  3991 | D:5      | Reached skill level 4 in Maces & Flails
  4041 | D:5      | Reached skill level 1 in Stealth
  4068 | D:5      | Found a snail-covered altar of Cheibriados.
  4092 | D:5      | Found a basalt altar of Yredelemnul.
  4527 | D:6      | Noticed Sigmund
  4534 | D:6      | Killed Sigmund
  4535 | D:6      | Reached skill level 5 in Maces & Flails
  4535 | D:6      | Reached XP level 8. HP: 71/78 MP: 7/7
  4668 | D:6      | Reached skill level 1 in Throwing
  4701 | D:6      | Noticed Prince Ribbit
  4743 | D:7      | Slain by Prince Ribbit

Illustrated notes

Levels and vault maps discovered:
D:1:      minmay_arrival_floating_metal, layout_basic, hex_medium
D:2:      layout_basic, shapermc_ecumenical_altar_petra
D:3:      layout_loops_corners, ebering_ghost_disaster_area
D:4:      layout_loops_corners, mainiacjoe_overflow_catwalk, uniq_duvessa
D:5:      layout_loops_ring, general_overflow_altar, overflow_temple_1_default
D:6:      layout_loops_ring, uniq_eustachio, uniq_prince_ribbit1, uniq_sigmund
D:7:      layout_basic, minmay_temple_entry_purple_smoke, enter_bailey_3,
          uniq_maggie

Skill      XL: |  1  2  3  4  5  6  7  8 |
---------------+-------------------------+-----
Shields        | 3 4 |  4.2
Dodging        | 3 4 |  4.4
Maces & Flails | 1 2 3 5 |  5.4
Fighting       | 3 |  3.9
Stealth        | 1 |  1.3
Throwing       | 1 |  1.0
Unarmed Combat | |  2.7

Action                     |  1- 3 |  4- 6 |  7- 9 || total
---------------------------+-------+-------+-------++-------
  Melee: Unarmed           |    66 |       |       ||    66
         Flail             |    24 |   210 |   119 ||   353
  Throw: Dart              |       |       |     3 ||     3
   Stab: Sleeping          |     1 |     3 |       ||     4
 Armour: Robe              |    36 |   105 |    72 ||   213
  Dodge: Dodged            |    33 |   104 |    69 ||   206
  Block: Kite shield       |    26 |    82 |    45 ||   153

Table legend: (Time is in decaauts)
 A = Elapsed time spent in this place.
 B = Non-inter-level travel time spent in this place.
 C = Inter-level travel time spent in this place.
 D = Time resting spent in this place.
 E = Time spent auto-exploring this place.
 F = Levels seen in this place.
 G = Mean time per level.
                   A        B        C        D        E       F      G
               +--------+--------+--------+--------+--------+-----+--------+
         Total |   4880 |   4651 |    229 |     83 |   3370 |   7 |  697.1 |
       Dungeon |   4880 |   4651 |    229 |     83 |   3370 |   7 |  697.1 |
               +--------+--------+--------+--------+--------+-----+--------+

Top non-repeatable levels by time:
     D:3: 1065 daAuts
     D:4: 1045 daAuts
     D:1: 938 daAuts
     D:2: 898 daAuts
     D:5: 733 daAuts
     D:6: 195 daAuts
     D:7: 2 daAuts
